Description

This is a slight variation of Maru's Fast 3CC opener he did against Dark.

Build Order

Get SALT Encoding   

  14  0:18  Supply Depot  
  16  0:41  Barracks  
  16  0:44  Refinery  
  20  1:28  Orbital Command  
  20  1:29  Barracks Reactor  
  20  1:40  Command Center  
  20  1:52  Supply Depot  
  23  2:09  Factory  
  23  2:13  Refinery  
  28  2:54  Starport  
  29  3:12  Command Center  Start at about 50% completion of starport.
  29  3:16  Action  Swap factory onto barracks reactor
  34  3:21  Hellion x2  Continuous building up to 6 hellions.
  35  3:30  Starport Tech Lab  
  44  3:51  Cloaking Field  Get cloak for Banshee
  44  3:52  Banshee  Make 2 Banshees total.
  45  4:00  Barracks Tech Lab  
  52  4:19  Stimpack  
  60  4:41  Refinery  
  60  4:51  Action  Lift Factory and move to make another reaction which will be used for the barracks.
  61  4:56  Barracks x2  
  62  5:04  Engineering Bay x2  
Spawning Tool Build Advisor. Get it on Overwolf

Go to:

Details

  • Created by: Mytenite
  • Published on: Aug 17, 2020
  • Modified on: Aug 17, 2020
  • Patch: 4.11.0
  • Difficulty: Easy
Show
View Real Time Build Order
Export as new Build Order

Comments (0)

There are no comments. Be the first!

Create an account to comment!